[Event "Late-Titled-Tuesday-Blitz-February-20-2024"]
[Site "Chess.com"]
[Date "2024.02.20"]
[Round "1"]
[White "PNEPaul"]
[Black "Bryanl106"]
[Result "0-1"]
[WhiteElo "1987"]
[BlackElo "2526"]
[TimeControl "180+1"]
[EndTime "14:01:32 PST"]
[Termination "Bryanl106 won by resignation"]

1. e4 e5 2. Nf3 Nc6 3. Bc4 Nf6 4. d4 exd4 5. O-O Nxe4 6. Re1 d5 7. Bxd5 Qxd5 8. Nc3 Qd7 9. Nxe4 Be7 10. Bg5 O-O 11.
Bxe7 Qxe7 12. Nxd4 Bd7 13. c3 Rad8 14. Nc5 Qxc5 0-1

[Event "Late-Titled-Tuesday-Blitz-February-20-2024"]
[Site "Chess.com"]
[Date "2024.02.20"]
[Round "1"]
[White "AlexOstrovskiy"]
[Black "Eesha-Karavade"]
[Result "1-0"]
[WhiteElo "2750"]
[BlackElo "2396"]
[TimeControl "180+1"]
[EndTime "14:01:43 PST"]
[Termination "AlexOstrovskiy won by resignation"]

1. e4 c5 2. Nc3 Nc6 3. Bb5 Nd4 4.
Nf3 Nxb5 5. Nxb5 a6 6. Nc3 d6 7. d4 cxd4 8. Qxd4 e5 9. Qb4 h6 10. Be3 Nf6 11. O-O-O Qc7 12. Bb6 Qc6 13. Nxe5 1-0

[Event "Late-Titled-Tuesday-Blitz-February-20-2024"]
[Site "Chess.com"]
[Date "2024.02.20"]
[Round "1"]
[White "MightyGMpretender"]
[Black "FREZZY23"]
[Result "1-0"]
[WhiteElo "2827"]
[BlackElo "2432"]
[TimeControl "180+1"]
[EndTime "14:01:45 PST"]
[Termination "MightyGMpretender won by resignation"]

1. e4 c5 2. Nf3 d6 3. c3 Nf6 4. Bd3 g6 5. Bc2 Bg7 6. d4 cxd4 7. cxd4 O-O 8. Nc3 Nc6 9. d5 Nb4 10. Bb1 a6 11. O-O a5 12. Re1 Bd7 13. h3 Rc8 14.
Nd4 Qb6 15. Be3 Qa6 16. a3 1-0

[Event "Late-Titled-Tuesday-Blitz-February-20-2024"]
[Site "Chess.com"]
[Date "2024.02.20"]
[Round "1"]
[White "Maect19"]
[Black "KChor05"]
[Result "0-1"]
[WhiteElo "2323"]
[BlackElo "2625"]
[TimeControl "180+1"]
[EndTime "14:02:03 PST"]
[Termination "KChor05 won by resignation"]

1. Nf3 Nf6 2. c4 g6 3. Nc3 Bg7 4. g3 O-O 5. Bg2 d6 6. O-O c5 7. d3 Nc6 8. Rb1 Rb8 9. a3 a5 10. Bd2 Ne8 11. Nb5 Nc7 12. Qa4 Bd7 13. Qxa5 Nxa5 0-1

[Event "Late-Titled-Tuesday-Blitz-February-20-2024"]
[Site "Chess.com"]
[Date "2024.02.20"]
[Round "1"]
[White "toninhojit"]
[Black "igorkovalenko"]
[Result "0-1"]
[WhiteElo "2492"]
[BlackElo "2969"]
[TimeControl "180+1"]
[EndTime "14:02:14 PST"]
[Termination "igorkovalenko won by resignation"]

1. c4 e5 2. Nc3 Bb4 3. Nd5 Be7 4. e3 c6 5. Nxe7 Qxe7 6. d4 d6 7. Nf3 c5 8. d5 f5 9. Be2 Nf6 10. O-O O-O 11. a3 a5 12. Rb1 a4 13. Bd3 e4 14.
Bc2 exf3 15. gxf3 f4 16. e4 Nfd7 17. Kh1 Ne5 18. Rg1 Qh4 0-1

[Event "Late-Titled-Tuesday-Blitz-February-20-2024"]
[Site "Chess.com"]
[Date "2024.02.20"]
[Round "1"]
[White "A-Fier"]
[Black "harkow"]
[Result "1-0"]
[WhiteElo "2858"]
[BlackElo "2445"]
[TimeControl "180+1"]
[EndTime "14:02:14 PST"]
[Termination "A-Fier won by resignation"]

1. d4 Nf6 2. Bg5 Ne4 3. h4 Nxg5 4. hxg5 g6 5. Nf3 Bg7 6. e3 b6 7. Nbd2 Bb7 8. Bd3 d6 9. Qe2 Nd7 10. O-O-O e5 11. Rh4 Qe7 12. Rdh1 O-O-O 13. Ba6 exd4 14. Nxd4 Qxg5 15. Bxb7+ Kxb7 16. Qf3+ d5 17. Rg4 Qe5 18. Nc4 Qf6 19. Rf4 1-0

[Event "Late-Titled-Tuesday-Blitz-February-20-2024"]
[Site "Chess.com"]
[Date "2024.02.20"]
[Round "1"]
[White "Jahonas"]
[Black "ArtemDyachuk"]
[Result "0-1"]
[WhiteElo "2349"]
[BlackElo "2653"]
[TimeControl "180+1"]
[EndTime "14:02:20 PST"]
[Termination "ArtemDyachuk won by resignation"]

1. d4 d5 2. Nf3 Nf6 3. g3 Bf5 4. Bg2 e6 5. O-O c6 6. Nbd2 h6 7. Ne5 Nbd7 8. Ndf3 Bd6 9. Nxd7 Qxd7 10. Bf4 Bxf4 11.
gxf4 g5 12. fxg5 hxg5 13. Ne5 Qc7 14. f4 gxf4 15. Rxf4 O-O-O 16. e3 Rdg8 17. Rxf5 exf5 18. Qf3 Rg5 19. Kh1 Ne4 20. Bh3 Rxh3 0-1

[Event "Late-Titled-Tuesday-Blitz-February-20-2024"]
[Site "Chess.com"]
[Date "2024.02.20"]
[Round "1"]
[White "jsdbv18"]
[Black "adwilhans"]
[Result "1-0"]
[WhiteElo "2622"]
[BlackElo "2321"]
[TimeControl "180+1"]
[EndTime "14:02:27 PST"]
[Termination "jsdbv18 won by resignation"]

1. d4 Nf6 2. Nf3 g6 3. Bg5 Bg7 4. Nbd2 d5 5. e3 b6 6. Bd3 Bb7 7. O-O O-O 8. Ne5 Nbd7 9. f4 Nxe5 10. fxe5 Ne4 11. Nxe4 dxe4 12. Bc4 Qe8 13. Qg4 Kh8 14. Qh4 c5 15. Bxe7 1-0

[Event "Late-Titled-Tuesday-Blitz-February-20-2024"]
[Site "Chess.com"]
[Date "2024.02.20"]
[Round "1"]
[White "TenisMaster"]
[Black "giomar27"]
[Result "1-0"]
[WhiteElo "2938"]
[BlackElo "2472"]
[TimeControl "180+1"]
[EndTime "14:02:38 PST"]
[Termination "TenisMaster won by resignation"]

1. e4 g6 2. d4 Bg7 3. Nc3 a6 4. h4 h6 5. f4 Nf6 6. e5 Nh5 7. Qf3 f5 8. g4 fxg4 9. Qxg4 O-O 10. Bd3 d6 11. Qxg6 Nxf4 12. Qh7+ Kf7 13. Bxf4 1-0

[Event "Late-Titled-Tuesday-Blitz-February-20-2024"]
[Site "Chess.com"]
[Date "2024.02.20"]
[Round "1"]
[White "Hui_Li_Macau"]
[Black "Mikasinski"]
[Result "0-1"]
[WhiteElo "2355"]
[BlackElo "2658"]
[TimeControl "180+1"]
[EndTime "14:02:38 PST"]
[Termination "Mikasinski won by resignation"]

1. e4 c5 2. Nf3 d6 3. d4 cxd4 4. Nxd4 Nf6 5. Nc3 g6 6. Be3 Bg7 7. f3 O-O 8. Qd2 Nc6 9. O-O-O Bd7 10. Kb1 Rc8 11. g4 Ne5 12. h4 Qa5 13. Nb3 Qc7 14.
h5 Nxf3 15. Qf2 Bxg4 16. hxg6 fxg6 17. Qg3 Ne5 18. Bh3 Bxd1 19. Be6+ Kh8 20. Rxd1 Nxe4 0-1

[Event "Late-Titled-Tuesday-Blitz-February-20-2024"]
[Site "Chess.com"]
[Date "2024.02.20"]
[Round "1"]
[White "Firouzja2003"]
[Black "ybothg"]
[Result "1-0"]
[WhiteElo "3112"]
[BlackElo "2514"]
[TimeControl "180+1"]
[EndTime "14:02:40 PST"]
[Termination "Firouzja2003 won by resignation"]

1. d4 Nf6 2. Bg5 Ne4 3. Bf4 d5 4. f3 Nf6 5. Nc3 c5 6. e4 e6 7. dxc5 Bxc5 8. Qd2 O-O 9. O-O-O Nc6 10. Nge2 Qa5 11.
exd5 Nb4 12. Kb1 Nfxd5 13. a3 Nxc3+ 14. Qxc3 Nc6 15. Qxa5 Nxa5 16. b4 e5 17. Bc1 1-0

[Event "Late-Titled-Tuesday-Blitz-February-20-2024"]
[Site "Chess.com"]
[Date "2024.02.20"]
[Round "1"]
[White "el_sporco"]
[Black "klimkoj"]
[Result "0-1"]
[WhiteElo "2460"]
[BlackElo "2895"]
[TimeControl "180+1"]
[EndTime "14:02:40 PST"]
[Termination "klimkoj won by resignation"]

1. e4 c5 2. Nf3 d6 3. d4 cxd4 4.
Nxd4 Nf6 5. Nc3 a6 6. Bg5 e6 7. f4 Be7 8. Qf3 Qc7 9. O-O-O b5 10. e5 Bb7 11. exd6 Bxd6 12. Ndxb5 axb5 13. Nxb5 Bxf3 14. Nxc7+ Bxc7 15. gxf3 Rxa2 16. Bb5+ Ke7 17. b3 h6 18. Bxf6+ gxf6 19. Ba4 Ra1+ 0-1

[Event "Late-Titled-Tuesday-Blitz-February-20-2024"]
[Site "Chess.com"]
[Date "2024.02.20"]
[Round "1"]
[White "ridnani1"]
[Black "traviscottofficial"]
[Result "0-1"]
[WhiteElo "2383"]
[BlackElo "2722"]
[TimeControl "180+1"]
[EndTime "14:02:48 PST"]
[Termination "traviscottofficial won by resignation"]

1. e4 d6 2. d4 Nf6 3. Nc3 e5 4. dxe5 dxe5 5. Qxd8+ Kxd8 6. Bc4 Be6 7. Bxe6 fxe6 8.
Nf3 Nc6 9. Be3 Bb4 10. O-O-O+ Ke7 11. Bg5 Rad8 12. Rxd8 Rxd8 13. Ne2 Kf7 14. Bxf6 gxf6 15. Rd1 Rxd1+ 16. Kxd1 Bc5 17. Ke1 Nb4 18. Nc3 Nxc2+ 19.
Ke2 Nd4+ 20. Ke3 Nxf3+ 21. Kxf3 Bd4 0-1

[Event "Late-Titled-Tuesday-Blitz-February-20-2024"]
[Site "Chess.com"]
[Date "2024.02.20"]
[Round "1"]
[White "Mops_2004"]
[Black "Joachim100x"]
[Result "1-0"]
[WhiteElo "2769"]
[BlackElo "2404"]
[TimeControl "180+1"]
[EndTime "14:02:58 PST"]
[Termination "Mops_2004 won by resignation"]

1. g3 d5 2. Nf3 e6 3. Bg2 Nf6 4. O-O Be7 5. d3 O-O 6. Bf4 c5 7. a4 Nc6 8. e4 dxe4 9. dxe4 Qxd1 10. Rxd1 Nxe4 11. Ne5 Nxe5 12. Bxe5 Nf6 13. a5 a6 14. Na3 Nd5 15. Nc4 Bd7 16. Nb6 Nxb6 17. axb6 Bc8 18. Bd6 Bxd6 19. Rxd6 Re8 20. Ra5 e5 21. Rxc5 a5 22.
Rxe5 Be6 23. Bxb7 Rab8 24. Bd5 Bh3 25. Rxe8+ Rxe8 26. f4 1-0

[Event "Late-Titled-Tuesday-Blitz-February-20-2024"]
[Site "Chess.com"]
[Date "2024.02.20"]
[Round "1"]
[White "Titus369"]
[Black "IraZyne"]
[Result "1-0"]
[WhiteElo "2635"]
[BlackElo "2332"]
[TimeControl "180+1"]
[EndTime "14:03:19 PST"]
[Termination "Titus369 won by resignation"]

1. e4 Nf6 2. e5 Nd5 3. d4 d6 4. Nf3 Bg4 5. Be2 c6 6. O-O Bxf3 7. Bxf3 dxe5 8. dxe5 e6 9. c4 Ne7 10. Qe2 Nd7 11. Nc3 Ng6 12. Bh5 Ngxe5 13. f4 Bc5+ 14. Kh1 Ng6 15. f5 e5 16. fxg6 hxg6 17. Bg4 Qh4 18.
Bxd7+ Kxd7 19. g3 Qxg3 20. Ne4 1-0

[Event "Late-Titled-Tuesday-Blitz-February-20-2024"]
[Site "Chess.com"]
[Date "2024.02.20"]
[Round "1"]
[White "pfalcon1949"]
[Black "DeArron_Fox"]
[Result "0-1"]
[WhiteElo "1993"]
[BlackElo "2527"]
[TimeControl "180+1"]
[EndTime "14:03:32 PST"]
[Termination "DeArron_Fox won by checkmate"]

1. e4 c5 2. Nf3 e6 3. d4 cxd4 4. Nxd4 a6 5. c4 Qc7 6. a3 b6 7. Nc3 Bb7 8. Bd3 Nf6 9. O-O Nc6 10. Be3 Bc5 11. Nc2 Ne5 12. Rc1 Nfg4 13. Bxc5 Nf3+ 14.
Qxf3 Qxh2# 0-1

[Event "Late-Titled-Tuesday-Blitz-February-20-2024"]
[Site "Chess.com"]
[Date "2024.02.20"]
[Round "1"]
[White "LiemLe"]
[Black "dosto07"]
[Result "1-0"]
[WhiteElo "3025"]
[BlackElo "2504"]
[TimeControl "180+1"]
[EndTime "14:03:33 PST"]
[Termination "LiemLe won by resignation"]

1. Nf3 Nf6 2. c4 e6 3. Nc3 d5 4. e3 dxc4 5. Bxc4 a6 6. d4 c5 7. O-O Nc6 8. d5 Na5 9. b3 Nxc4 10. bxc4 exd5 11. cxd5 b5 12. e4 Bb7 13. Re1 Be7 14. d6 b4 15. dxe7 Qxd1 16. Nxd1 Nxe4 17. Nd2 Nxd2 18.
Bxd2 Bd5 19. Re5 1-0

[Event "Late-Titled-Tuesday-Blitz-February-20-2024"]
[Site "Chess.com"]
[Date "2024.02.20"]
[Round "1"]
[White "Navyblue1"]
[Black "Casper"]
[Result "0-1"]
[WhiteElo "2192"]
[BlackElo "2560"]
[TimeControl "180+1"]
[EndTime "14:03:35 PST"]
[Termination "Casper won by resignation"]

1. d4 Nc6 2. c4 e5 3. d5 Nce7 4. c5 Ng6 5. Qc2 Nf6 6. e4 d6 7.
Be3 dxc5 8. Nd2 b6 9. Rc1 Bd6 10. Ngf3 O-O 11. Be2 Nh5 12. g3 f5 13. Ng5 f4 14.
Bxh5 fxe3 15. Bxg6 Qxg5 16. Bf5 exd2+ 17. Qxd2 Qxd2+ 18. Kxd2 Bxf5 19. exf5 Rxf5 20. Rhf1 e4 21. Ke2 Rxd5 22.
Rc4 Rd4 0-1

[Event "Late-Titled-Tuesday-Blitz-February-20-2024"]
[Site "Chess.com"]
[Date "2024.02.20"]
[Round "1"]
[White "Ajedrez_con_German"]
[Black "Happy1712Drummer"]
[Result "1-0"]
[WhiteElo "2664"]
[BlackElo "2355"]
[TimeControl "180+1"]
[EndTime "14:03:42 PST"]
[Termination "Ajedrez_con_German won by resignation"]

1. Nf3 Nf6 2. c4 e6 3. g3 d5 4. Bg2 c5 5. cxd5 exd5 6. d4 Nc6 7. O-O cxd4 8. Nxd4 Bc5 9. Nxc6 bxc6 10. Qc2 Qb6 11. Bg5 O-O 12. Bxf6 gxf6 13. Nd2 Ba6 14. Rac1 Bb4 15.
Nb3 Rfe8 16. Bf3 Rac8 17. Qf5 Qd8 18. Qg4+ Kh8 19. Qxb4 1-0

[Event "Late-Titled-Tuesday-Blitz-February-20-2024"]
[Site "Chess.com"]
[Date "2024.02.20"]
[Round "1"]
[White "DonMicheleCorleone"]
[Black "NikoTheodorou"]
[Result "0-1"]
[WhiteElo "2507"]
[BlackElo "3064"]
[TimeControl "180+1"]
[EndTime "14:03:43 PST"]
[Termination "NikoTheodorou won by resignation"]

1. e4 b6 2. d4 Bb7 3. Bd3 d6 4. Nc3 Nd7 5. Nf3 e5 6. O-O Ngf6 7. Bg5 Be7 8. Qd2 O-O 9. Rad1 exd4 10. Nxd4 Re8 11.
Nf5 Bf8 12. Nd5 h6 13. Bh4 Re5 14. f4 Rxf5 15. Nxf6+ Rxf6 16. e5 dxe5 17. Bxf6 Qxf6 18. Bc4 Qg6 19. f5 Qd6 20. Qe2 Qc5+ 21. Kh1 Nf6 22. b3 e4 23. Rd2 Bd6 24. Rfd1 Qe5 0-1

[Event "Late-Titled-Tuesday-Blitz-February-20-2024"]
[Site "Chess.com"]
[Date "2024.02.20"]
[Round "1"]
[White "koziororo"]
[Black "cristiano78"]
[Result "1-0"]
[WhiteElo "2599"]
[BlackElo "2251"]
[TimeControl "180+1"]
[EndTime "14:03:46 PST"]
[Termination "koziororo won by resignation"]

1. Nc3 Nf6 2. e4 d6 3. d4 g6 4. f3 Bg7 5. Be3 O-O 6. Qd2 Nbd7 7. h4 h5 8. Nh3 e5 9. O-O-O Qe7 10. Ng5 exd4 11.
Bxd4 Ne5 12. Be2 b6 13. Rdg1 c5 14. Be3 Bb7 15. g4 a6 16. gxh5 Nxh5 17. f4 Nd7 18. Bxh5 gxh5 19. Qg2 f6 20. Ne6 Rf7 21. f5 Kh8 22. Qg6 Ne5 23. Qxh5+ Kg8 24. Bh6 1-0

[Event "Late-Titled-Tuesday-Blitz-February-20-2024"]
[Site "Chess.com"]
[Date "2024.02.20"]
[Round "1"]
[White "diskeleven"]
[Black "BlueWizzard"]
[Result "0-1"]
[WhiteElo "2453"]
[BlackElo "2883"]
[TimeControl "180+1"]
[EndTime "14:03:51 PST"]
[Termination "BlueWizzard won by resignation"]

1. Nf3 g6 2. e4 Bg7 3. d4 d5 4.
exd5 Qxd5 5. Nc3 Qd8 6. Bc4 Nh6 7. h3 Nf5 8. d5 c6 9. Bg5 O-O 10. dxc6 Nxc6 11. Qxd8 Rxd8 12. O-O h6 13. Bf4 e5 14.
Bd2 Nfd4 15. Nxd4 Nxd4 16. Nd5 Be6 17. Ne7+ Kh7 18. Bxe6 fxe6 19. Bb4 Nxc2 20. Ba3 Nxa3 21. bxa3 Bf8 0-1

[Event "Late-Titled-Tuesday-Blitz-February-20-2024"]
[Site "Chess.com"]
[Date "2024.02.20"]
[Round "1"]
[White "GMAkobianSTL"]
[Black "ChessFighter1975"]
[Result "1-0"]
[WhiteElo "2810"]
[BlackElo "2423"]
[TimeControl "180+1"]
[EndTime "14:03:52 PST"]
[Termination "GMAkobianSTL won by resignation"]

1. d4 d6 2. Nf3 Nf6 3. c4 g6 4.
Nc3 Bg7 5. Bg5 h6 6. Bf4 Nh5 7. Bd2 O-O 8. Qc1 Kh7 9. h3 c5 10. d5 e6 11. e4 exd5 12. exd5 Re8+ 13. Be2 Nd7 14. Be3 f5 15. g4 fxg4 16. hxg4 Nhf6 17.
Bxh6 Nxg4 18. Bg5+ Kg8 19. Bxd8 1-0

[Event "Late-Titled-Tuesday-Blitz-February-20-2024"]
[Site "Chess.com"]
[Date "2024.02.20"]
[Round "1"]
[White "ACollins05"]
[Black "miraitrunks"]
[Result "1-0"]
[WhiteElo "2569"]
[BlackElo "2207"]
[TimeControl "180+1"]
[EndTime "14:04:12 PST"]
[Termination "ACollins05 won by resignation"]

1. d4 d5 2. c4 Bf5 3. cxd5 Bxb1 4. Rxb1 Qxd5 5. a3 e5 6. Nf3 Nc6 7. dxe5 Qxd1+ 8. Kxd1 O-O-O+ 9. Kc2 Nge7 10. Bf4 Ng6 11. Bg3 h5 12. h3 Bc5 13. e3 Rhe8 14. Bb5 Re6 15. Ng5 Re7 16. Bxc6 bxc6 17. Nf3 Rd5 18.
Rbd1 Kd7 19. b4 Bb6 20. Nd4 Nxe5 21. Nf5 Re6 22. Nxg7 Rg6 23. Bxe5 1-0

[Event "Late-Titled-Tuesday-Blitz-February-20-2024"]
[Site "Chess.com"]
[Date "2024.02.20"]
[Round "1"]
[White "Shankland"]
[Black "ArchibaldCerveza29"]
[Result "1-0"]
[WhiteElo "2949"]
[BlackElo "2480"]
[TimeControl "180+1"]
[EndTime "14:04:15 PST"]
[Termination "Shankland won by resignation"]

1. e4 e5 2. Nf3 Nf6 3. d4 Nxe4 4. Bd3 d5 5. Nxe5 Bd6 6. O-O O-O 7. c4 c6 8. Nc3 Nxc3 9. bxc3 dxc4 10. Bxc4 Nd7 11.
f4 Nf6 12. Qf3 Bf5 13. g4 Be4 14. Qh3 b5 15. Bb3 Nd5 16. Nxc6 Qc7 17. Ne5 Qxc3 18. Qxc3 Nxc3 19. Re1 Bd5 20. Bd2 Bxb3 21. axb3 Nd5 22. Ra6 Rfd8 23. Kf2 f6 24. Nd3 Kf7 25. Rea1 Rd7 26. b4 Nb6 27. Rxb6 1-0

[Event "Late-Titled-Tuesday-Blitz-February-20-2024"]
[Site "Chess.com"]
[Date "2024.02.20"]
[Round "1"]
[White "aistrel"]
[Black "TemploVillamarin"]
[Result "1-0"]
[WhiteElo "2542"]
[BlackElo "2124"]
[TimeControl "180+1"]
[EndTime "14:04:28 PST"]
[Termination "aistrel won by resignation"]

1. d4 f5 2. Nc3 Nf6 3. f3 d5 4.
e4 dxe4 5. fxe4 fxe4 6. Nge2 Bg4 7. h3 Bh5 8. g4 Bg6 9. Nf4 Bf7 10. Bg2 Nc6 11.
Be3 e5 12. dxe5 Nxe5 13. Nxe4 Nxe4 14. Bxe4 Qxd1+ 15. Rxd1 c6 16. O-O Be7 17. Bd4 Nc4 18. b3 Nd6 19. Bd3 O-O 20. Rde1 Bh4 21. Re2 Rfe8 22.
Rxe8+ Rxe8 23. Bxa7 Bg3 24. Kg2 Bxf4 25. Rxf4 Bd5+ 26.
Kg3 Re3+ 27. Bxe3 1-0

[Event "Late-Titled-Tuesday-Blitz-February-20-2024"]
[Site "Chess.com"]
[Date "2024.02.20"]
[Round "1"]
[White "manitodeplomo"]
[Black "elchacal664"]
[Result "1-0"]
[WhiteElo "2656"]
[BlackElo "2352"]
[TimeControl "180+1"]
[EndTime "14:04:29 PST"]
[Termination "manitodeplomo won by resignation"]

1. d4 d5 2. c4 dxc4 3. Nf3 Nf6 4.
e3 e6 5. Bxc4 c5 6. Nc3 cxd4 7.
exd4 Be7 8. O-O O-O 9. Re1 a6 10.
d5 b5 11. Bb3 b4 12. dxe6 bxc3 13. exf7+ Kh8 14. Qxd8 Bxd8 15. bxc3 Nc6 16. Ba3 Nd7 17. Bd5 Bb7 18. Rab1 Bb6 19. Bxf8 Rxf8 20. Re8 1-0

[Event "Late-Titled-Tuesday-Blitz-February-20-2024"]
[Site "Chess.com"]
[Date "2024.02.20"]
[Round "1"]
[White "LUISMIGUELOV"]
[Black "MusicCityMaster"]
[Result "0-1"]
[WhiteElo "2167"]
[BlackElo "2549"]
[TimeControl "180+1"]
[EndTime "14:04:37 PST"]
[Termination "MusicCityMaster won by resignation"]

1. e4 e6 2. b3 d5 3. Bb2 dxe4 4. Nc3 Nf6 5. g4 Bb4 6. Bg2 Nc6 7. Nge2 e5 8. h3 Be6 9. Nxe4 Nxe4 10. Bxe4 Bd5 11.
Ng3 Bxe4 12. Nxe4 Qd5 13. Qf3 O-O-O 14. O-O-O Kb8 15. c3 Be7 16. d3 a5 17. a4 Qxb3 18. Nd2 Qxa4 19. Qxf7 Rhf8 20. Qxg7 Ba3 21. Rh2 Rxd3 22.
Bxa3 Rxc3+ 23. Kb2 Qc2+ 0-1

[Event "Late-Titled-Tuesday-Blitz-February-20-2024"]
[Site "Chess.com"]
[Date "2024.02.20"]
[Round "1"]
[White "N18player"]
[Black "Antipov_Mikhail_Al"]
[Result "1-0"]
[WhiteElo "2502"]
[BlackElo "2950"]
[TimeControl "180+1"]
[EndTime "14:04:46 PST"]
[Termination "N18player won by resignation"]

1. Nf3 d5 2. c4 d4 3. e3 Nc6 4. d3 g6 5. h3 Bg7 6. Be2 dxe3 7. fxe3 e5 8. Nc3 Nge7 9. O-O O-O 10. Qe1 h6 11.
Bd2 Be6 12. Rd1 b6 13. Ne4 f5 14. Ng3 Qe8 15. Bc3 Rd8 16. d4 exd4 17. exd4 f4 18.
Ne4 Bf5 19. Nf2 g5 20. d5 Na5 21. Bxg7 Kxg7 22. Qc3+ Kh7 23. Bd3 Qg6 24. Rde1 Rde8 25.
Re6 Qg7 26. Qc2 Bxd3 27. Qxd3+ Ng6 28. Rfe1 Rxe6 29. Rxe6 Nb7 30. Ne5 Rf6 31. Nfg4 Rxe6 32. dxe6 Nc5 33. Qf5 1-0

[Event "Late-Titled-Tuesday-Blitz-February-20-2024"]
[Site "Chess.com"]
[Date "2024.02.20"]
[Round "1"]
[White "chucksterf10"]
[Black "expii"]
[Result "1-0"]
[WhiteElo "2549"]
[BlackElo "2162"]
[TimeControl "180+1"]
[EndTime "14:04:51 PST"]
[Termination "chucksterf10 won by checkmate"]

1. Nf3 d5 2. c3 Nf6 3. d4 e6 4. Bg5 c5 5. Nbd2 Nc6 6. e3 c4 7. b3 b5 8. a4 cxb3 9. axb5 Na5 10. Nxb3 Nxb3 11. Qxb3 Bd7 12. Ne5 Be7 13. Bxf6 Bxf6 14. Nxd7 Qxd7 15. b6 O-O 16. b7 Rab8 17. Rxa7 Qc7 18.
Ba6 Rfd8 19. O-O h6 20. Rc1 Rd6 21. c4 Rb6 22. Qa4 Be7 23. c5 Kh7 24. h3 Rc6 25. Ra8 Rb6 26. Rxb8 Rxa6 27. Qxa6 Qxb8 28. c6 Bd8 29.
Qa8 Bc7 30. Qxb8 Bxb8 31. c7 Bxc7 32. Rxc7 Kg6 33. b8=Q Kf5 34. Rxf7+ Ke4 35. Qb1# 1-0

[Event "Late-Titled-Tuesday-Blitz-February-20-2024"]
[Site "Chess.com"]
[Date "2024.02.20"]
[Round "1"]
[White "slavenok"]
[Black "Cristi_Coca"]
[Result "1-0"]
[WhiteElo "2740"]
[BlackElo "2385"]
[TimeControl "180+1"]
[EndTime "14:04:54 PST"]
[Termination "slavenok won by resignation"]

1. e4 c5 2. d4 cxd4 3. Nf3 e6 4. Bc4 a6 5. O-O b5 6. Bb3 Bb7 7. Qe2 Bc5 8. Rd1 Nc6 9. c3 dxc3 10. Nxc3 Nge7 11. Bg5 Qb6 12. a4 b4 13. a5 Qa7 14.
Na4 Nd4 15. Nxd4 Bxd4 16. Qd2 e5 17. Bxe7 Kxe7 18. Qxb4+ d6 19. Nb6 Rad8 20. Rac1 Bxe4 21. Rxd4 exd4 22. Qxd4 Qb7 23. Qxg7 Rdf8 24. Qg5+ f6 25.
Qg7+ Kd8 26. Rc8+ Qxc8 27. Nxc8 Kxc8 28. Qe7 Bb7 29. Qxd6 Rd8 30. Be6+ 1-0

[Event "Late-Titled-Tuesday-Blitz-February-20-2024"]
[Site "Chess.com"]
[Date "2024.02.20"]
[Round "1"]
[White "BogdanDeac"]
[Black "m_ezat"]
[Result "1-0"]
[WhiteElo "3047"]
[BlackElo "2505"]
[TimeControl "180+1"]
[EndTime "14:04:58 PST"]
[Termination "BogdanDeac won by resignation"]

1. b3 d5 2. Bb2 Nc6 3. Nf3 Bg4 4. e3 e5 5. h3 Bxf3 6. Qxf3 a6 7. d3 Nf6 8. a3 Bd6 9. Nd2 O-O 10. g3 Re8 11.
Qe2 d4 12. e4 Ne7 13. h4 Ned5 14. exd5 e4 15. dxe4 Nxd5 16. Bg2 Ne3 17. fxe3 Bxg3+ 18. Kd1 dxe3 19. Qxe3 Bxh4 20. Qd4 Qg5 21. Qxg7+ Qxg7 22.
Bxg7 Bg5 23. Bh6 Bf6 24. Rb1 Rad8 25. Ke2 Bc3 26. Rh3 Rd6 27. Rxc3 Rxh6 28. Rxc7 Rd8 29. Nf3 Rg6 30. Kf2 Rf6 31. Ke3 Re8 32. Rxb7 Rg6 33.
Rg1 f5 34. e5 Kh8 35. Kf2 Rc6 36. c4 f4 37. Rh1 1-0

[Event "Late-Titled-Tuesday-Blitz-February-20-2024"]
[Site "Chess.com"]
[Date "2024.02.20"]
[Round "1"]
[White "Msb2"]
[Black "GiorgianBarbosa"]
[Result "1-0"]
[WhiteElo "3016"]
[BlackElo "2503"]
[TimeControl "180+1"]
[EndTime "14:04:59 PST"]
[Termination "Msb2 won by resignation"]

1. d4 Nf6 2. c4 e6 3. Nc3 d5 4. cxd5 exd5 5. Bg5 c6 6. e3 Be6 7. Bd3 Bd6 8. Nf3 Nbd7 9. h3 Rc8 10. Qd2 a6 11.
O-O O-O 12. Bf4 Qc7 13. b4 Nb6 14. a4 Bxf4 15. exf4 Nc4 16. Qc1 Qd7 17. Ne5 Qd6 18. Rb1 b5 19. a5 Rfe8 20. Re1 Bd7 21. Ne2 Re7 22. Ng3 Rce8 23. Qc3 g6 24. Re2 Kg7 25. Rbe1 Ng8 26. f5 f6 27. Nxd7 Qxd7 28. fxg6 hxg6 29.
Qc2 Rxe2 30. Rxe2 Rxe2 31. Qxe2 Qe7 32. Qg4 Qe1+ 33. Kh2 Qxf2 34. Qxg6+ Kf8 35. Nh5 Ne7 36. Qg7+ Ke8 37. Nxf6+ Kd8 38. Qf8+ 1-0

[Event "Late-Titled-Tuesday-Blitz-February-20-2024"]
[Site "Chess.com"]
[Date "2024.02.20"]
[Round "1"]
[White "chessydotcom"]
[Black "Nouali_Mohamed"]
[Result "0-1"]
[WhiteElo "2068"]
[BlackElo "2534"]
[TimeControl "180+1"]
[EndTime "14:04:59 PST"]
[Termination "Nouali_Mohamed won by resignation"]

1. e4 c5 2. Nf3 Nc6 3. Bb5 Qc7 4. c3 Nf6 5. Qe2 d6 6. d4 cxd4 7. cxd4 a6 8. Bxc6+ Qxc6 9. Nc3 Bg4 10. Bg5 e6 11. Rc1 Qb6 12. Be3 Qa5 13. O-O Be7 14.
h3 Bh5 15. e5 dxe5 16. dxe5 Nd7 17.
Bf4 O-O 18. Rfe1 Rfd8 19. Qe4 Nc5 20. b4 Nxe4 21. bxa5 Nc5 22. Nd2 Nd3 0-1

[Event "Late-Titled-Tuesday-Blitz-February-20-2024"]
[Site "Chess.com"]
[Date "2024.02.20"]
[Round "1"]
[White "maurovargas01"]
[Black "Dinamo3"]
[Result "0-1"]
[WhiteElo "1871"]
[BlackElo "2520"]
[TimeControl "180+1"]
[EndTime "14:05:01 PST"]
[Termination "Dinamo3 won by resignation"]

1. e4 c5 2. Nc3 a6 3. d3 b5 4. f4 Bb7 5. Nf3 e6 6. g3 d5 7. Bg2 b4 8. Ne2 dxe4 9. Ng5 Nf6 10. dxe4 Qxd1+ 11. Kxd1 h6 12. Nh3 Bxe4 13. Bxe4 Nxe4 14.
Neg1 Nc6 15. Nf3 Rd8+ 16. Ke2 Be7 17. Re1 Bf6 18. Nf2 Nxf2 19. Kxf2 O-O 20. a3 a5 21. axb4 cxb4 22. b3 Bxa1 0-1